 Dungeon Crawl Stone Soup version 0.28-a0-895-g6e5f11bd55 (webtiles) character file.

Game seed: 10517282511572292411

1298 Twinkles the Ducker (level 8, -3/58 HPs)
             Began as a Djinni Fire Elementalist on Nov 22, 2021.
             Was a Believer of Elyvilon.
             Slain by a yak (6 damage)
             ... on level 6 of the Dungeon.
             The game lasted 00:34:41 (6716 turns).

Twinkles the Ducker (Djinni Fire Elementalist)      Turns: 6716, Time: 00:34:41

Health: -3/58      AC: 12    Str:  9    XL:     8   Next: 87%
Gold:   416        EV: 14    Int: 18    God:    Elyvilon [**....] SH:  0 Dex: 13

rFire   + + .      SeeInvis .   z - +1 dagger (venom)
rCold   x . .      Faith    .   (no shield)
rNeg    . . .      Spirit   .   a - +0 robe
rPois   ∞          Reflect  .   (no helmet)
rElec   .          Harm     .   b - +1 cloak
rCorr   .          Rampage  .   (no gloves)
Will    .....                   (boots unavailable)
Stlth   +++.......              (no amulet)
HPRegen 0.19/turn               p - +4 ring of protection
MPRegen 0.00/turn               h - +4 ring of protection

@: flying, very slightly contaminated
A: sickness immunity, fire resistance 2, cold vulnerability 1, float, innate
caster, hp casting, extra vitality 1
a: Renounce Religion, Purification, Heal Other


You were on level 6 of the Dungeon.
You worshipped Elyvilon.
Elyvilon was pleased with you.
You visited 1 branch of the dungeon, and saw 6 of its levels.
You also visited: Sewer.

You collected 416 gold pieces.

Inventory:

Hand Weapons
 d - a +0 dagger
 q - a +0 hunting sling
 z - a +1 dagger of venom (weapon)
 B - a +1 hand axe of electrocution
Missiles
 c - 2 silver boomerangs
 k - 41 sling bullets
 o - 13 poisoned darts
 s - 112 stones
 A - a throwing net
Armour
 a - a +0 robe (worn)
 b - a +1 cloak (worn)
 v - a +0 troll leather armour {Pargi}
Jewellery
 g - a ring of resist corrosion
 h - a +4 ring of protection (right hand)
 p - a +4 ring of protection (left hand)
 w - a ring of fire
Wands
 j - a wand of polymorph (12)
Scrolls
 f - a scroll of summoning {unknown}
 t - a scroll of enchant armour {unknown}
 u - a scroll of fear {unknown}
 y - 3 scrolls of identify {unknown}
 O - a scroll of silence
 Y - a scroll of teleportation
Potions
 e - 2 potions of haste
 i - 3 potions of curing {unknown}
 l - a potion of heal wounds {unknown}
 m - a potion of attraction {unknown}
 n - a potion of mutation {unknown}
 r - 2 potions of magic {unknown}
 x - a potion of flight {unknown}
 C - a potion of brilliance {unknown}
 T - a potion of berserk rage


   Skills:
 + Level 4.5 Fighting
 + Level 5.5 Dodging
 + Level 4.5 Stealth
 + Level 4.3 Spellcasting
 + Level 3.3 Invocations


You couldn't memorise any spells.
You knew the following spells:

 Your Spells              Type           Power      Damage    Failure   Level
a - Foxfire               Conj/Fire      76%        2x1d7     2%          1
b - Scorch                Fire           38%        2d6       3%          2
c - Conjure Flame         Conj/Fire      19%        6-21      8%          3
d - Inner Flame           Hex/Fire       19%        N/A       8%          3
e - Flame Wave            Conj/Fire      19%        3d5       24%         4
f - Animate Skeleton      Necr           38%        N/A       2%          1
g - Wereblood             Tmut           19%        N/A       3%          2
h - Call Imp              Summ           19%        N/A       3%          2
Your spell library was empty.

Dungeon Overview and Level Annotations

Branches:
Dungeon (6/15)             Temple (0/1) D:5           Sewer (visited)

Altars:
Elyvilon
Hepliaklqana
Kikubaaqudgha
Okawaru
Trog
Uskayaw
Wu Jian
Xom
Yredelemnul

Shops:
D:2 !   D:3 *


Innate Abilities, Weirdness & Mutations

You are immune to sickness and miasma.
You are immune to poison.
Your flesh is very heat resistant. (rF++)
You are vulnerable to cold. (rC-)
You float through the air rather than walking.
You learn spells naturally, not from books.
Your magical power is your life essence.
You have superior vitality. (+4 HP)


Message History

The yak closely misses you. The yak gores you!
Casting: Scorch (safe; 3% risk of failure)
Press: ? - help, Q - select action, (/) - cycle Dir - look around, f - activate Flames lash the yak.
The yak is burned terribly!
The yak is moderately wounded.
The yak is no longer more vulnerable to fire.
The yak barely misses you. The yak completely misses you.
Casting: Scorch (safe; 3% risk of failure)
Press: ? - help, Q - select action, (/) - cycle Dir - look around, f - activate Flames lash the yak.
The yak is burned terribly!
The yak is heavily wounded.
The yak gores you! The yak gores you but does no damage.
Casting: Scorch (safe; 3% risk of failure)
Press: ? - help, Q - select action, (/) - cycle Dir - look around, f - activate Flames lash the yak.
The yak is moderately wounded.
The yak's fire resistance burns away.
The yak gores you. x2
Casting: Scorch (safe; 3% risk of failure)
Confirm with . or Enter, or press ? or * to list all spells.
Okay, then.
Unknown command.
Casting: Scorch (safe; 3% risk of failure)
Confirm with . or Enter, or press ? or * to list all spells.
Okay, then.
Unknown command.
Casting: Scorch (safe; 3% risk of failure)
Confirm with . or Enter, or press ? or * to list all spells.
Aiming: Inner Flame (dangerous; 8% risk of failure)
Press: ? - help, Dir - move target, f - yak
Aim: a yak (heavily wounded, more vulnerable to fire, chance to affect: 75%)
The yak is filled with an inner flame.
* * * LOW HITPOINT WARNING * * *
The yak closely misses you. The yak gores you!
* * * LOW HITPOINT WARNING * * *
You hit the yak but do no damage.
The yak is heavily wounded.
The yak is no longer more vulnerable to fire.
The yak closely misses you. The yak gores you.
You die...

##.......##.....# #.###
##...#####.....###.#### #...#
#.....##...... #<###
#.....##..###. #.#
####.####..###. #.#
#.......#...##. #.#
##.#...#.#.#.##.
#.#####..........#.##. ########
#...Y@#...............
.......#########Y#.........##.###
.#####.#......##.#.........##.# #
.#####.#.####.##..............###
..#.........#.####.Y.......#####.
..#.##.#.##.#.## #.#.......# #.
..#.##.#.......# #.#.......# #.
.......###.###.# #.........# #.
#.#.#####..# #.# ####Y.)#### #<


You could see 2 yaks.

Vanquished Creatures
  A yak (D:6)
  An ice beast (D:6)
  Pargi (Sewer)
  3 ogres (D:5)
  A wyvern zombie (D:6)
  A scorpion (D:4)
  A centaur zombie (D:5)
  A bullfrog zombie (D:5)
  3 hounds
  3 orc priests
  A bullfrog skeleton (D:4)
  A centaur skeleton (D:4)
  2 orc wizards
  2 hound skeletons
  3 gnolls (D:5)
  11 adders
  An adder skeleton (D:4)
  A worm (D:3)
  3 dart slugs
  12 orcs
  3 ball pythons
  6 endoplasms
  5 giant cockroaches
  10 goblins
  9 hobgoblins
  A kobold (D:3)
  4 quokkas
  11 bats
  4 frilled lizards
  4 rats
110 creatures vanquished.

Vanquished Creatures (others)
  208 foxfires
  12 plants (D:5)
220 creatures vanquished.

Grand Total: 330 creatures vanquished

Notes
Turn   | Place    | Note
-------+----------+-------------------------------------------
     0 | D:1      | Twinkles the Djinni Fire Elementalist began the quest for
                  | the Orb.
     0 | D:1      | Reached XP level 1. HP: 15/15 MP: 0/0
   132 | D:1      | Reached XP level 2. HP: 17/22 MP: 0/0
   517 | D:1      | You are sucked into a shaft and drop 1 floor!
   523 | D:2      | Reached skill level 1 in Fighting
   523 | D:2      | Reached XP level 3. HP: 21/27 MP: 0/0
   523 | D:2      | Learned a level 1 spell: Animate Skeleton
  1168 | D:2      | Reached XP level 4. HP: 30/32 MP: 0/0
  1225 | D:2      | Reached skill level 3 in Dodging
  1403 | D:2      | Found Ykleoqat's Distillery.
  1764 | D:2      | Reached XP level 5. HP: 17/38 MP: 0/0
  1764 | D:2      | Learned a level 2 spell: Wereblood
  2601 | D:3      | Found Ahioko Bemumm's Assorted Antiques.
  2911 | D:4      | Found a white marble altar of Elyvilon.
  2933 | D:4      | Became a worshipper of Elyvilon the Healer
  3281 | D:4      | Found a basalt altar of Yredelemnul.
  3281 | D:4      | Found a hazy altar of Hepliaklqana.
  3287 | D:4      | Reached XP level 6. HP: 39/44 MP: 0/0
  3381 | D:4      | Found an iron altar of Okawaru.
  3382 | D:4      | Found a bloodstained altar of Trog.
  3383 | D:4      | Found an ornate altar of the Wu Jian Council.
  3448 | D:4      | Reached skill level 4 in Dodging
  4030 | D:5      | Entered Level 5 of the Dungeon
  4058 | D:5      | Reached * piety under Elyvilon
  4180 | D:5      | Reached XP level 7. HP: 47/49 MP: 0/0
  4180 | D:5      | Learned a level 2 spell: Call Imp
  4211 | D:5      | Found a glowing drain.
  4245 | Sewer    | Entered a sewer
  4292 | Sewer    | Noticed Pargi
  4304 | Sewer    | Killed Pargi
  4305 | Sewer    | Reached skill level 1 in Invocations
  4978 | D:5      | Reached XP level 8. HP: 20/58 MP: 0/0
  5307 | D:5      | Found a staircase to the Ecumenical Temple.
  5367 | D:5      | Reached skill level 5 in Dodging
  5636 | D:5      | Found a shimmering altar of Xom.
  5636 | D:5      | Found a hide-covered altar of Uskayaw.
  5872 | D:6      | Reached ** piety under Elyvilon
  6376 | D:6      | Noticed a yak
  6376 | D:6      | Noticed a yak
  6387 | D:6      | Killed a yak
  6604 | D:6      | Noticed a yak
  6625 | D:6      | Noticed a yak
  6698 | D:6      | Noticed a yak
  6715 | D:6      | HP: 3/58 [yak (13)]
  6716 | D:6      | Slain by a yak

Illustrated notes

Levels and vault maps discovered:
D:1:      minmay_arrival_semitransparent, layout_loops_ring,
          ebering_ecumenical_altar_hall, hex_medium, kennysheep_doodads,
          minivault_27, minmay_pentomino_w4
D:2:      kennysheep_big_flooded_room, layout_loops_ring, serial_shops,
          nicolae_diamond_shop
D:3:      layout_basic, serial_shops, nicolae_shop_window_shopping
D:4:      cheibrodos_helix_gallery, layout_basic,
          mainiacjoe_overflow_cross_hatched, grunt_temple_overflow_open
D:5:      layout_rooms, jmf_multi_god_temple, minmay_temple_entry_tees,
          gup_sewer_entry_glass, eino_curves_03, chequers_big_river,
          minmay_ogre_servants
D:6:      layout_loops_cross, mainiacjoe_overflow_boulevard

Skill      XL: |  1  2  3  4  5  6  7  8 |
---------------+-------------------------+-----
Fighting       | 1 2 3 4 |  4.5
Stealth        | 2 3 4 |  4.5
Dodging        | 3 4 5 |  5.5
Spellcasting   | 3 4 |  4.3
Invocations    | 2 3 |  3.3

Action                   |  1- 3 |  4- 6 |  7- 9 || total
-------------------------+-------+-------+-------++-------
Melee: Dagger            |     1 |     1 |     8 ||    10
 Cast: Foxfire           |    31 |    59 |    34 ||   124
       Scorch            |     7 |    36 |    63 ||   106
       Conjure Flame     |       |     2 |     3 ||     5
       Inner Flame       |       |       |     2 ||     2
  Use: Scroll            |       |     3 |       ||     3
 Stab: Sleeping          |     1 |       |       ||     1
Armor: Robe              |     1 |    12 |    13 ||    26
Dodge: Dodged            |     6 |    16 |    25 ||    47

Table legend: (Time is in decaauts)
 A = Elapsed time spent in this place.
 B = Non-inter-level travel time spent in this place.
 C = Inter-level travel time spent in this place.
 D = Time resting spent in this place.
 E = Time spent auto-exploring this place.
 F = Levels seen in this place.
 G = Mean time per level.
                   A        B        C        D        E       F      G
               +--------+--------+--------+--------+--------+-----+--------+
         Total |   6722 |   6380 |    342 |   1207 |   4038 |   7 |  960.3 |
       Dungeon |   6527 |   6185 |    342 |   1143 |   3963 |   6 | 1087.8 |
         Sewer |    195 |    195 |      0 |     64 |     75 |   1 |  195.0 |
               +--------+--------+--------+--------+--------+-----+--------+

Top non-repeatable levels by time:
     D:4: 1750 daAuts
     D:2: 1521 daAuts
     D:5: 1281 daAuts
     D:6: 804 daAuts
     D:3: 652 daAuts
     D:1: 516 daAuts
   Sewer: 195 daAuts
